 Dungeon Crawl Stone Soup version 0.21-a0-59-g7b0e191 (webtiles) character file.

74 HAL9000 the Insei (level 4, -1/35 HPs)
             Began as a Draconian Transmuter on June 16, 2017.
             Slain by an orc wizard
             ... wielding a +0 dagger of venom
              (2 damage)
             ... on level 3 of the Dungeon.
             The game lasted 00:03:50 (2094 turns).

HAL9000 the Insei (Draconian Transmuter)            Turns: 2094, Time: 00:03:51

Health: -1/35      AC:  5    Str: 12    XL:     4   Next: 10%
Magic:  2/7        EV: 12    Int: 14    God:
Gold:   98         SH:  0    Dex: 12    Spells: 4/7 levels left

rFire    . . .     SeeInvis .     - Unarmed
rCold    . . .     Gourm    .   (no shield)
rNeg     . . .     Faith    .   (armour unavailable)
rPois    .         Spirit   .   (helmet restricted)
rElec    .         Reflect  .   (no cloak)
rCorr    .         Harm     .   (no gloves)
MR       .....                  (no boots)
Stlth    +.........             (no amulet)
HPRegen  0.11/turn              (no ring)
MPRegen  0.10/turn              (no ring)

@: lethally poisoned (-1 -> -15), appendage (expiring), very slightly
contaminated
A: unfitting armour, horns 2, cold-blooded, AC +5
a: End Transformation


You were on level 3 of the Dungeon.
You were hungry.
You had grown temporary horns.
You visited 1 branch of the dungeon, and saw 3 of its levels.

You collected 98 gold pieces.

Inventory:

Missiles
 a - 9 arrows
Scrolls
 e - a scroll of identify {unknown}
 g - a scroll of amnesia {unknown}
 h - a scroll of teleportation {unknown}
Potions
 f - 2 potions of haste {unknown}
 j - a potion of might {unknown}
 k - a potion of invisibility {unknown}
Books
 b - a book of Changes

   Spells                             Type                      Level
   a - Beastly Appendage              Transmutation                1
   b - Sticks to Snakes               Transmutation                2
   c - Spider Form                    Transmutation/Poison         3
   d - Ice Form                       Ice/Transmutation            4
   e - Blade Hands                    Transmutation                5
Comestibles
 c - a bread ration
 i - 4 fruits


   Skills:
 - Level 1.1 Fighting
 - Level 1.7 Dodging
 + Level 4.1 Unarmed Combat
 - Level 2.0 Spellcasting
 + Level 3.3 Transmutations


You had 4 spell levels left.
You knew the following spells:

 Your Spells              Type           Power        Failure   Level  Hunger
a - Beastly Appendage     Tmut           ##....       6%          1    ##.....
b - Sticks to Snakes      Tmut           ##......     9%          2    ###....


Dungeon Overview and Level Annotations

Branches:
Dungeon (3/15)

Altars:


Innate Abilities, Weirdness & Mutations

Your plain brown scales are hard. (AC +5)
You cannot fit into any form of body armour.
You are cold-blooded and may be slowed by cold attacks.
You have a pair of horns on your head.


Message History

Your ball python dies!
The orc wizard hits you with a dagger of venom.
* * * LOW HITPOINT WARNING * * *
You are more poisoned.
The orc wizard hits you with a dagger of venom.
* * * LOW HITPOINT WARNING * * *
You are more poisoned.
The scorpion stings you.
* * * LOW HITPOINT WARNING * * *
* * * LOW HITPOINT WARNING * * *
You feel sick. The orc wizard closely misses you.
Unknown command.
* * * LOW HITPOINT WARNING * * *
You feel sick.
The orc wizard points at you and mumbles some strange words.
The magic dart hits you!
* * * LOW HITPOINT WARNING * * *
The orc closely misses your adder.
The orc wizard hits you with a dagger of venom.
You die...

#.)....# #.# #.#
#......# #.# ###
#####......# #.#
....<.S....# #.#.#####
#######.####
#.#.#.....# #oo#
#.#.#####.#
##.########.#.# #.#
####.o#.s...#.#)# #.#
+.....S.oo@....>#####.#
#####.#.#g#...........#
#.#.#.#.#.......###
#.#.#.#.#.#.###.#
#...#.#...#.###.#
##....###.).(##.#
#.##.# #.#..##.#
#.##.###.#..##.#
#..#.##.....#..#


You could see a scorpion, an orc wizard, 2 orcs, a hobgoblin and a friendly
adder.

Vanquished Creatures
  2 adders
  2 worms (D:2)
  4 dart slugs
  2 leopard geckos (D:1)
  A ball python (D:1)
  4 goblins (D:1)
  6 hobgoblins (D:1)
  4 jackals (D:2)
  3 kobolds
  A quokka (D:2)
  5 bats
  3 frilled lizards
  4 rats
41 creatures vanquished.

Notes
Turn   | Place    | Note
-------+----------+-------------------------------------------
     0 | D:1      | HAL9000 the Draconian Transmuter began the quest for the Orb.
     0 | D:1      | Reached XP level 1. HP: 16/16 MP: 3/3
   176 | D:1      | Reached XP level 2. HP: 23/23 MP: 5/5
   831 | D:1      | Reached XP level 3. HP: 28/28 MP: 4/6
  1585 | D:2      | Learned a level 2 spell: Sticks to Snakes
  1895 | D:3      | Reached skill level 4 in Unarmed Combat
  2006 | D:3      | Reached XP level 4. HP: 31/35 MP: 7/7
  2094 | D:3      | HP: 1/35 [orc wizard/magic dart (3)]
  2094 | D:3      | Slain by an orc wizard

Vault maps used:
D:1:      dpeg_arrival_refuge
D:3:      marbit_many_paths, first_bread, uniq_natasha

Skill      XL: |  1  2  3 |
---------------+----------+-----
Transmutations | 3 |  3.3
Unarmed Combat | 4 |  4.1
Fighting       | |  1.1
Dodging        | |  1.7
Spellcasting   | |  2.0

Action                   |  1- 3 |  4- 6 || total
-------------------------+-------+-------++-------
Melee: Unarmed           |   157 |     6 ||   163
       Tailslap          |    14 |     2 ||    16
       Kick              |    15 |       ||    15
       Headbutt          |     5 |       ||     5
       Punch             |     1 |       ||     1
 Cast: Beastly Appendage |    19 |     1 ||    20
       Sticks to Snakes  |     1 |     2 ||     3
 Stab: Sleeping          |     2 |       ||     2
       Distracted        |     1 |       ||     1
  Eat: Chunk             |     3 |     1 ||     4
Armor: Skin              |    43 |     3 ||    46
Dodge: Dodged            |   107 |     7 ||   114
